 Dungeon Crawl Stone Soup version 0.23-a0-703-gdf2d5e0dd9 (webtiles) character file.

885 LLavrengius the Cutter (level 8, 0/54 HPs)
             Began as an Octopode Fighter on Jan 13, 2019.
             Slain by an ice beast (11 damage)
             ... on level 5 of the Dungeon.
             The game lasted 00:16:22 (4813 turns).

LLavrengius the Cutter (Octopode Fighter)           Turns: 4813, Time: 00:16:23

Health: 0/54       AC:  3    Str: 20    XL:     8   Next: 5%
Magic:  8/8        EV: 11    Int: 12    God:
Gold:   392        SH: 10    Dex: 12    Spells: 5/7 levels left

rFire    . . .     SeeInvis .   a - +1 rapier
rCold    . . .     Gourm    .   b - +1 shield
rNeg     . . .     Faith    .   k - +2 hat
rPois    .         Spirit   .   (no amulet)
rElec    .         Reflect  .   q - +5 ring of strength
rCorr    .         Harm     .   (no ring)
MR       .....                  (no ring)
Stlth    ++++......             (no ring)
HPRegen  0.18/turn              (no ring)
MPRegen  0.11/turn              (no ring)
                                (no ring)
                                (no ring)

@: no status effects
A: almost no armour, stealthy swim, amphibious, 8 rings, constrict 8, camouflage
1, gelatinous body 1
a: no special abilities


You were on level 5 of the Dungeon.
You were not hungry.

You visited 1 branch of the dungeon, and saw 5 of its levels.
You also visited: Sewer.

You collected 392 gold pieces.

Inventory:

Hand Weapons
 a - a +1 rapier (weapon)
 e - a +0 spear
 p - a +0 blowgun
Missiles
 r - 55 poisoned needles
 s - 3 curare-tipped needles
Armour
 b - a +1 shield (worn)
 k - a +2 hat (worn)
 y - a +0 large shield
Magical Staves
 z - an uncursed staff of summoning {unknown}
Jewellery
 q - a +5 ring of strength (left tentacle)
Scrolls
 g - 4 scrolls of remove curse
 l - a scroll of enchant armour
 m - 2 scrolls of teleportation {unknown}
 o - 2 scrolls of immolation {unknown}
 A - 2 scrolls of fear {unknown}
 B - 2 scrolls of identify
Potions
 c - 2 potions of might
 f - 2 potions of degeneration {unknown}
 h - 3 potions of brilliance
 i - 4 potions of flight
 j - 2 potions of lignification
 n - 2 potions of heal wounds
 t - a potion of haste
 u - 2 potions of agility
 v - 2 potions of invisibility {unknown}
 w - 2 potions of curing
Comestibles
 d - 9 rations
 x - a chunk of flesh


   Skills:
 + Level 4.0 Fighting
 - Level 7.0 Short Blades
 - Level 3.0 Dodging
 - Level 6.0 Stealth
 - Level 3.0 Shields
 + Level 2.7 Poison Magic


You had 5 spell levels left.
You knew the following spells:

 Your Spells              Type           Power        Failure   Level  Hunger
a - Poisonous Vapours     Pois/Air       #.....       80%         2    ###....

Your spell library contained the following spells:

 Spells                   Type           Power        Failure   Level  Hunger
 Sting                    Conj/Pois      #...         65%         1    ##.....
 Mephitic Cloud           Conj/Pois/Air  #.......     97%         3    ####...
 Olgreb's Toxic Radiance  Pois           #.......     99%         4    #####..
 Venom Bolt               Conj/Pois      #.........   100%        5    ######.


Dungeon Overview and Level Annotations

Branches:
Dungeon (5/15)
 Temple: D:4-7

Altars:
Ashenzari
Hepliaklqana
Okawaru
Trog
Zin

Annotations:
D:3 Robin, Terence


Innate Abilities, Weirdness & Mutations

You cannot wear most types of armour.
You are very stealthy in the water. (Stealth+)
You are amphibious.
You can wear up to eight rings at the same time.
You can use your tentacles to constrict eight enemies at once.
Your skin changes colour to match your surroundings (Stealth+).
Your rubbery body absorbs attacks. (AC +1, EV +1)


Message History

Some of the chunks of flesh in your inventory have rotted away.
You hit the ice beast.
The ice beast is heavily wounded.
The ice beast hits you. The ice beast freezes you!
You hit the ice beast but do no damage.
The ice beast is heavily wounded.
You block the ice beast's attack.
You hit the ice beast.
The ice beast is severely wounded.
The ice beast hits you. The ice beast freezes you.
* * * LOW HITPOINT WARNING * * *
You closely miss the ice beast. Your squeeze misses the ice beast.
The ice beast is severely wounded.
You block the ice beast's attack.
You hit the ice beast.
The ice beast is almost dead.
The ice beast hits you.
* * * LOW HITPOINT WARNING * * *
The ice beast freezes you!
You die...

#....#######
#..........###
#............#
#...Z......#.#
########...<........#
...................##
................h..#
########....Y.####.# #
....#....###.@YZ# #
#........o# #.####
###########.# #.#
.≈≈≈≈≈5≈≈≈..# #.#
.≈≈≈≈.≈o≈≈..# #.#
.≈≈≈≈≈≈≈≈≈.## #.#
############ #.######
#..........# ##......##
.[.........###..##.#..#


You could see an ice beast and a bullfrog zombie.

Vanquished Creatures
  A hippogriff (D:4)
  Sigmund (D:3)
  A big kobold (Sewer)
  A scorpion (D:5)
  2 crimson imps (D:5)
  A hound (D:4)
  An orc wizard (D:5)
  An orc priest (D:5)
  A worker ant (D:5)
  A mummy (D:5)
  A worker ant zombie (D:5)
  3 gnolls (D:2)
  A howler monkey skeleton (D:5)
  4 adders
  A river rat (Sewer)
  An ooze (D:3)
  2 worms
  A dart slug (D:1)
  5 leopard geckos
  3 orcs
  2 ball pythons
  12 bats
  7 giant cockroaches
  15 goblins
  11 hobgoblins
  7 jackals
  15 kobolds
  A quokka (D:5)
  4 frilled lizards
  A jackal skeleton (D:5)
  A kobold zombie (D:5)
  A leopard gecko skeleton (D:5)
  A leopard gecko zombie (D:5)
  3 orc zombies (D:5)
  A quokka skeleton (D:5)
  15 rats
130 creatures vanquished.

Notes
Turn   | Place    | Note
-------+----------+-------------------------------------------
     0 | D:1      | LLavrengius the Octopode Fighter began the quest for the
                  | Orb.
     0 | D:1      | Reached XP level 1. HP: 16/16 MP: 1/1
   112 | D:1      | Reached skill level 1 in Stealth
   123 | D:1      | Reached XP level 2. HP: 13/21 MP: 2/2
   430 | D:1      | Reached XP level 3. HP: 20/26 MP: 3/3
   632 | D:1      | Reached skill level 3 in Short Blades
  1146 | D:2      | Reached XP level 4. HP: 31/31 MP: 4/4
  1943 | D:2      | Found a glowing silver altar of Zin.
  2196 | D:3      | Reached XP level 5. HP: 15/36 MP: 5/5
  2381 | D:3      | Noticed Sigmund
  2613 | D:3      | Killed Sigmund
  2613 | D:3      | Reached skill level 4 in Short Blades
  2613 | D:3      | Reached XP level 6. HP: 11/42 MP: 6/6
  2956 | D:3      | Noticed Robin
  2958 | D:3      | Noticed Terence
  3263 | D:4      | Noticed a hippogriff
  3400 | D:4      | Found a shattered altar of Ashenzari.
  3424 | D:4      | Reached skill level 5 in Short Blades
  3430 | D:4      | Killed a hippogriff
  3430 | D:4      | Reached skill level 6 in Short Blades
  3430 | D:4      | Reached XP level 7. HP: 45/46 MP: 7/7
  3757 | D:4      | Found a hazy altar of Hepliaklqana.
  3869 | D:5      | Entered Level 5 of the Dungeon
  3889 | D:5      | Learned a level 2 spell: Poisonous Vapours
  3911 | D:5      | Found a glowing drain.
  3938 | Sewer    | Entered a sewer
  4034 | Sewer    | Reached skill level 1 in Poison Magic
  4062 | Sewer    | Found a white marble altar of Elyvilon.
  4454 | D:5      | Found an iron altar of Okawaru.
  4466 | D:5      | Reached skill level 7 in Short Blades
  4649 | D:5      | Found a bloodstained altar of Trog.
  4662 | D:5      | Reached XP level 8. HP: 50/54 MP: 8/8
  4813 | D:5      | Slain by an ice beast

Vault maps used:
D:1:      dpeg_arrival_lava_temple_mockup, minmay_crystal_room,
          chequers_hall_statues_wall_a, feat_on_display
D:2:      zin_academy, serial_glass, glass_columns_b, glass_columns_b,
          minmay_misc_feat_encased, grunt_decor_cap, minmay_tripent
D:3:      first_ration, uniq_terence, uniq_robin, uniq_sigmund
D:4:      nicolae_overflow_crystal_walls, lemuel_doored_altar
D:5:      lemuel_crystal_altar, okawaru_trees_2, portal_sewer_entry_f,
          minmay_mini_ossuary
Sewer:    sewer_kobolds

Skill      XL: |  1  2  3  4  5  6  7  8 |
---------------+-------------------------+-----
Stealth        | 1 2 3 4 6 |  6.0
Short Blades   | 3 4 6 7 |  7.0
Poison Magic   | 2 |  2.7
Fighting       | 4 |  4.0
Dodging        | |  3.0
Shields        | |  3.0

Action                   |  1- 3 |  4- 6 |  7- 9 || total
-------------------------+-------+-------+-------++-------
Melee: Rapier            |    81 |    92 |    99 ||   272
       Constrict         |    21 |    19 |    28 ||    68
       Tentacles         |    11 |    11 |    17 ||    39
  Use: Scroll            |       |    12 |     1 ||    13
       Potion            |       |     1 |     1 ||     2
 Stab: Sleeping          |     3 |     7 |     4 ||    14
  Eat: Chunk             |     1 |     5 |     6 ||    12
Armor: Skin              |    11 |    17 |    15 ||    43
Dodge: Dodged            |    33 |    42 |    35 ||   110
Block: Shield            |    34 |    32 |    58 ||   124

Table legend:
 A = Non-vault XP
 B = Vault XP
 C = Vault XP percentage of total XP
 D = Non-vault monster count
 E = Vault monster count
 F = Vault count percentage of total count
                 A         B        C        D         E       F
            +---------+---------+-------+---------+---------+-------
      Total |     849 |     416 |  32.9 |     100 |      30 |  23.1
            +---------+---------+-------+---------+---------+-------
        D:1 |      60 |       0 |   0.0 |      36 |       0 |   0.0
        D:2 |      82 |      15 |  15.5 |      19 |       2 |   9.5
        D:3 |      36 |     243 |  87.1 |      19 |       7 |  26.9
        D:4 |     326 |       0 |   0.0 |       6 |       0 |   0.0
        D:5 |     345 |      33 |   8.7 |      20 |       9 |  31.0
      Sewer |       0 |     125 | 100.0 |       0 |      12 | 100.0
            +---------+---------+-------+---------+---------+-------
